[Event "Early-Titled-Tuesday-Blitz-September-12-2023"]
[Site "Chess.com"]
[Date "2023.09.12"]
[Round "3"]
[White "GMAkobianSTL"]
[Black "fireheart92"]
[Result "1/2-1/2"]
[WhiteElo "2734"]
[BlackElo "2959"]
[TimeControl "180+1"]
[EndTime "8:28:14 PDT"]
[Termination "Game drawn by repetition"]

1. d4 e6 2. c4 b6 3. Nc3 Bb4 4. Qc2 Bb7 5. a3 Bxc3+ 6. Qxc3 Nf6 7. f3 d5 8. Bg5 h6 9. Bh4 O-O 10. cxd5 exd5 11. e3 Re8 12. Bf2 c5 13. Bb5 Bc6 14. Bd3 c4 15. Bc2 b5 16. Ne2 a5 17. O-O Na6 18.
b4 axb4 19. axb4 Qe7 20. Rab1 Nc7 21. Rfe1 Ra2 22. Qd2 Na6 23. Rec1 Bd7 24. Qc3 Bf5 25. Bxf5 Rxe2 26. Rc2 Rxc2 27. Bxc2 Nb8 28. h3 Nc6 29.
Kh1 h5 30. e4 dxe4 31. fxe4 Nxe4 32. Bxe4 Nxb4 33. Qxb4 Qxe4 34. Re1 Qc6 35. Rxe8+ Qxe8 36. d5 Qd7 37. Qc5 c3 38. d6 c2 39. Be3 Qe6 40.
Qd4 c1=Q+ 41. Bxc1 Qe1+ 42. Kh2 Qxc1 43. d7 Qc7+ 44. g3 Qd8 45. Qd6 Kh7 46. h4 g6 47. Qc6 b4 48. Qc8 Qe7 49. d8=Q Qe2+ 50. Kg1 Qe1+ 51. Kg2 Qe2+ 52. Kg1 Qe1+ 53. Kg2 Qe2+ 54.
Kg1 1/2-1/2

[Event "Early-Titled-Tuesday-Blitz-September-12-2023"]
[Site "Chess.com"]
[Date "2023.09.12"]
[Round "3"]
[White "HrvojeZagreb"]
[Black "jaskol95"]
[Result "1/2-1/2"]
[WhiteElo "2264"]
[BlackElo "2537"]
[TimeControl "180+1"]
[EndTime "8:28:15 PDT"]
[Termination "Game drawn by repetition"]

1. f4 d5 2. b3 e5 3. fxe5 Qh4+ 4. g3 Qd4 5. c3 Qxe5 6. Nf3 Qd6 7. d4 Nf6 8. Bf4 Qe6 9. Bg2 c6 10. O-O Bd6 11. Ng5 Qe7 12. Bxd6 Qxd6 13. e4 dxe4 14. Nxe4 Nxe4 15. Bxe4 O-O 16. Nd2 Nd7 17. Bd3 Nf6 18.
Ne4 Nxe4 19. Bxe4 g6 20. Qf3 Bh3 21. Rf2 Be6 22. h4 Bd5 23. Bxd5 Qxd5 24. Re1 Rae8 25. Rxe8 Rxe8 26. Qxd5 cxd5 27. Kf1 Re3 28. c4 dxc4 29. bxc4 Rxg3 30. Ke2 Kf8 31. h5 Ke7 32. hxg6 fxg6 33. Kd2 h5 34. d5 h4 35. c5 h3 36. d6+ Ke8 37. Ke1 Rg1+ 38. Kd2 Rg2 39. Ke3 Rxf2 40. Kxf2 g5 41. Kg3 g4 42. a4 Kd7 43.
a5 Kc6 44. Kh2 Kd7 45. Kg3 Ke6 46. Kh2 Kd7 47. Kg3 1/2-1/2

[Event "Early-Titled-Tuesday-Blitz-September-12-2023"]
[Site "Chess.com"]
[Date "2023.09.12"]
[Round "3"]
[White "hongnhung1234"]
[Black "carloseduar100"]
[Result "0-1"]
[WhiteElo "2488"]
[BlackElo "2294"]
[TimeControl "180+1"]
[EndTime "8:28:15 PDT"]
[Termination "carloseduar100 won by resignation"]

1. e4 e6 2. d4 d5 3. Nc3 Nf6 4. Bg5 Be7 5. e5 Nfd7 6. h4 Bxg5 7. hxg5 Qxg5 8. Nh3 Qh4 9. g3 Qe7 10. Qg4 g6 11. Ng5 h5 12. Qf4 a6 13. O-O-O Nc6 14. g4 f6 15. exf6 Qxf6 16. Qd2 Nxd4 17. f4 c5 18.
gxh5 Rxh5 19. Rxh5 gxh5 20. Qh2 Kd8 21. Kb1 b5 22.
Qxh5 Kc7 23. Bh3 Nb6 24. Qh7+ Bd7 25. Rxd4 cxd4 26. Ne2 Rh8 27. Qd3 Nc4 28. a3 e5 29.
Bxd7 Kxd7 30. Qf3 e4 31. Qg4+ Kc6 32. Ne6 d3 33. N2d4+ Kd6 34. cxd3 exd3 35. f5 Qe5 36.
Ka2 Rh2 37. f6 Rxb2+ 38. Ka1 Qe1+ 0-1

[Event "Early-Titled-Tuesday-Blitz-September-12-2023"]
[Site "Chess.com"]
[Date "2023.09.12"]
[Round "3"]
[White "ChEsper99"]
[Black "Slovak_fighter2000"]
[Result "1-0"]
[WhiteElo "2206"]
[BlackElo "2411"]
[TimeControl "180+1"]
[EndTime "8:28:15 PDT"]
[Termination "ChEsper99 won on time"]

1. e4 c5 2. Nf3 Nc6 3. c3 Nf6 4. e5 Nd5 5. d4 cxd4 6. cxd4 e6 7.
Bc4 d6 8. O-O Be7 9. Qe2 O-O 10.
Rd1 a6 11. a3 b5 12. Bd3 Bb7 13. Nc3 Nxc3 14. bxc3 dxe5 15. dxe5 Qc7 16. Qe4 g6 17. Re1 Rfc8 18. Ng5 Bf8 19. Qh4 h6 20. Ne4 Bg7 21. Nf6+ Kf8 22. Bxh6 Bxh6 23. Qxh6+ Ke7 24. Qg5 Kf8 25. Re3 Rd8 26. Rh3 Qxe5 27. Rh8+ Ke7 28. Nd5+ Kd7 29. Nb6+ Kc7 30. Nxa8+ Rxa8 31. Qxe5+ Nxe5 32. Rxa8 Bxa8 33. Be2 Bd5 34. a4 Kb6 35. axb5 axb5 36.
Rb1 Bc6 37. c4 Be4 38. Rxb5+ Kc6 39. Rxe5 1-0

[Event "Early-Titled-Tuesday-Blitz-September-12-2023"]
[Site "Chess.com"]
[Date "2023.09.12"]
[Round "3"]
[White "Mikhail_Golubev"]
[Black "Gauravthegm"]
[Result "1-0"]
[WhiteElo "2592"]
[BlackElo "2417"]
[TimeControl "180+1"]
[EndTime "8:28:16 PDT"]
[Termination "Mikhail_Golubev won by checkmate"]

1. e4 c5 2. Nf3 Nc6 3. Nc3 a6 4. d4 cxd4 5. Nxd4 e6 6. Be3 Nf6 7. Bd3 Bb4 8. O-O O-O 9. Nxc6 bxc6 10. e5 Bxc3 11. bxc3 Nd5 12. Bc5 Re8 13. Qg4 Qa5 14. Bd6 Qxc3 15. Rab1 a5 16. Rb3 Qd2 17. Rd1 Qf4 18. Qh5 g6 19. Qe2 a4 20. Ra3 Qg5 21. g3 Nf4 22. Qd2 Nh3+ 23. Kg2 Qh5 24. Be2 Qf5 25. g4 Nf4+ 26. Kf3 Qg5 27. Qxf4 Qh4 28.
Qg3 Qg5 29. h4 Qh6 30. g5 Qh5+ 31. Qg4 Qxg4+ 32. Kxg4 h5+ 33. gxh6 Kh7 34. h5 Kxh6 35. hxg6 Kxg6 36. Rg1 f5+ 37. Kh4+ Kh6 38. Rh3 Ba6 39.
Bxa6 Rxa6 40. Kg3+ Kg5 41. f4+ Kg6 42. Kh2+ Kf7 43.
Rh7# 1-0

[Event "Early-Titled-Tuesday-Blitz-September-12-2023"]
[Site "Chess.com"]
[Date "2023.09.12"]
[Round "3"]
[White "tylityli"]
[Black "nss13"]
[Result "0-1"]
[WhiteElo "2308"]
[BlackElo "2558"]
[TimeControl "180+1"]
[EndTime "8:28:16 PDT"]
[Termination "nss13 won on time"]

1. d4 Nf6 2. c4 e6 3. Nc3 Bb4 4. e3 b6 5. Ne2 Bb7 6. a3 Be7 7.
d5 O-O 8. Ng3 Re8 9. Be2 Bf8 10.
e4 d6 11. O-O Nbd7 12. b4 a5 13. Bb2 Ne5 14. f4 Ng6 15. Qd2 c6 16. dxc6 Bxc6 17. Rad1 Rc8 18. Qd4 e5 19. fxe5 Nxe5 20. Nd5 Nxd5 21. exd5 Bd7 22. Qf4 f6 23. Rfe1 g6 24.
Bf1 Bg7 25. Qh4 f5 26. Qf4 axb4 27. axb4 Qc7 28. Kh1 Re7 29. h4 Rce8 30. Re2 Ng4 31. Rxe7 Rxe7 32. Bxg7 Kxg7 33. Qd4+ Ne5 34. Be2 Re8 35.
Ra1 Qd8 36. Ra7 Qf6 37. h5 f4 38. Ne4 Qh4+ 39. Kg1 Kh6 0-1

[Event "Early-Titled-Tuesday-Blitz-September-12-2023"]
[Site "Chess.com"]
[Date "2023.09.12"]
[Round "3"]
[White "Rud_Makarian"]
[Black "Russian_berezka"]
[Result "1-0"]
[WhiteElo "2961"]
[BlackElo "2613"]
[TimeControl "180+1"]
[EndTime "8:28:17 PDT"]
[Termination "Rud_Makarian won on time"]

1. d4 d5 2. c4 dxc4 3. Nf3 Nf6 4. e3 e6 5. Bxc4 a6 6. O-O c5 7.
Nbd2 cxd4 8. Nxd4 Bc5 9. b3 O-O 10. Bb2 b5 11. Be2 Bb7 12. Bf3 Qb6 13. a4 Nd5 14.
Ne4 Be7 15. Ng3 Nd7 16. Bxd5 Bxd5 17. Ndf5 Bf6 18. Bxf6 Nxf6 19. Ne7+ Kh8 20. Nxd5 Nxd5 21. Qg4 Nf6 22. Qf3 Kg8 23. h3 Rac8 24. Ne2 bxa4 25. bxa4 Rc4 26. a5 Qc7 27. Rfb1 h6 28. Qb7 Qxb7 29.
Rxb7 Ra8 30. Nd4 Rc5 31. Ra2 Nd5 32. g4 g5 33. Kg2 Nf6 34. Nf3 Ne4 35. Rd7 Rb8 36. Ra7 Rc6 37. Ne5 Rc1 38. Nxf7 Rbb1 39. Nxh6+ Kf8 40. Kf3 Nc3 41. Rd2 Nd5 42. Rxa6 Ke7 43.
Nf5+ 1-0

[Event "Early-Titled-Tuesday-Blitz-September-12-2023"]
[Site "Chess.com"]
[Date "2023.09.12"]
[Round "3"]
[White "LuisFSiles"]
[Black "Mikedannnn"]
[Result "1/2-1/2"]
[WhiteElo "2364"]
[BlackElo "2553"]
[TimeControl "180+1"]
[EndTime "8:28:17 PDT"]
[Termination "Game drawn by repetition"]

1. e4 c5 2. Nf3 e6 3. c3 d5 4. exd5 Qxd5 5. d4 Nc6 6. a3 Nf6 7. Be3 e5 8. Nxe5 Nxe5 9. dxe5 Qxe5 10. Bb5+ Bd7 11. Bxd7+ Nxd7 12. Qf3 Bd6 13. Nd2 Nb6 14. Qxb7 O-O 15. Nf3 Qh5 16. O-O Nc4 17. Rad1 Rad8 18. Qb3 Nxe3 19. fxe3 c4 20. Qc2 Rfe8 21. e4 Qg4 22. e5 Bc5+ 23. Kh1 h5 24. Rxd8 Rxd8 25.
Rd1 Rxd1+ 26. Qxd1 Be7 27. Qd4 Qf5 28. h3 Qb1+ 29. Kh2 Qxb2 30. Qxc4 Qxa3 31. e6 f6 32. h4 a5 33. Qc8+ Kh7 34. Qe8 Qd6+ 35. g3 Qc5 36. Ng5+ fxg5 37. Qxh5+ Kg8 38. Qf7+ Kh7 39. Qh5+ Kg8 40.
Qf7+ Kh7 41. Qh5+ 1/2-1/2

[Event "Early-Titled-Tuesday-Blitz-September-12-2023"]
[Site "Chess.com"]
[Date "2023.09.12"]
[Round "3"]
[White "HansOnTwitch"]
[Black "masterofpuppets2"]
[Result "1-0"]
[WhiteElo "3038"]
[BlackElo "2503"]
[TimeControl "180+1"]
[EndTime "8:28:17 PDT"]
[Termination "HansOnTwitch won on time"]

1. e4 c5 2. Nf3 Nc6 3. Bb5 e6 4. O-O Nge7 5. Re1 a6 6. Bf1 d5 7. d3 Ng6 8. e5 Be7 9. g3 O-O 10. h4 f6 11. exf6 Bxf6 12. Bg2 Bd7 13. Nc3 Nge5 14.
Nh2 Kh8 15. f4 Nf7 16. Ng4 Bd4+ 17. Kh2 g6 18. Bd2 Bg7 19. Kh1 Nd6 20. Kh2 Nf5 21.
Ne2 Qc7 22. Bc3 d4 23. Bd2 Nce7 24. Ng1 Rae8 25. Nf3 Nd5 26. Qe2 Bc6 27. Nfe5 b6 28. c4 dxc3 29. bxc3 Bb7 30. Rab1 Nde7 31. Nf3 Nd5 32.
Nge5 Ba8 33. Ng5 Kg8 34. h5 gxh5 35. Qxh5 Nf6 36. Qe2 Bxg2 37. Kxg2 Nd5 38. Rh1 h6 39. Ngf3 Nf6 40. g4 Nd6 41. g5 Nd5 42. gxh6 Bf6 43. Ng5 1-0

[Event "Early-Titled-Tuesday-Blitz-September-12-2023"]
[Site "Chess.com"]
[Date "2023.09.12"]
[Round "3"]
[White "Goi_Manne"]
[Black "Sadykov_Ramil"]
[Result "1-0"]
[WhiteElo "2325"]
[BlackElo "2560"]
[TimeControl "180+1"]
[EndTime "8:28:17 PDT"]
[Termination "Goi_Manne won on time"]

1. e4 c5 2. Nf3 e6 3. c3 Nf6 4. e5 Nd5 5. g3 d6 6. exd6 Bxd6 7. Bg2 O-O 8. O-O b6 9. d4 Bb7 10. Nbd2 Nf6 11. Nc4 Be7 12. Be3 cxd4 13. Bxd4 Nc6 14. Be3 Nd5 15. Re1 Nxe3 16. Rxe3 Qxd1+ 17. Rxd1 Rfd8 18. Ree1 Ba6 19. Nfe5 Nxe5 20. Nxe5 Rxd1 21. Rxd1 Rd8 22. Rxd8+ Bxd8 23. Nc6 Bg5 24. f4 Bf6 25. Nxa7 Bc4 26. a3 e5 27. fxe5 Bxe5 28. Nc6 Bf6 29. Kf2 Bg5 30.
Nd4 Bc1 31. b3 Bd3 32. a4 Bd2 33. Bf1 Bxf1 34. Kxf1 Bxc3 35. Nb5 Bb4 36. Nc7 g6 37. Nd5 Bc5 38. b4 Bd4 39. a5 bxa5 40. bxa5 Kg7 41.
a6 h5 42. Nc7 f5 43. Nb5 Bb6 44. a7 Bxa7 45. Nxa7 Kf6 46. Nb5 Kg5 47. Kg2 h4 48.
Nd4 hxg3 49. Kxg3 Kh5 50. Ne6 Kh6 51. Kh4 Kh7 52. Kg5 Kg8 53. Nf4 Kg7 54. Nxg6 Kf7 55. Kxf5 Kg7 56. Kg5 1-0

[Event "Early-Titled-Tuesday-Blitz-September-12-2023"]
[Site "Chess.com"]
[Date "2023.09.12"]
[Round "3"]
[White "schackspelaren"]
[Black "LoaySameer"]
[Result "0-1"]
[WhiteElo "2290"]
[BlackElo "2519"]
[TimeControl "180+1"]
[EndTime "8:28:17 PDT"]
[Termination "LoaySameer won by resignation"]

1. e4 g6 2. d4 Bg7 3. c4 d6 4.
Nc3 Nf6 5. Be2 O-O 6. Nf3 Na6 7. O-O e5 8. Be3 Ng4 9. Bg5 Qe8 10. h3 f6 11. Bd2 Nh6 12. Be3 Nf7 13. Qc2 c6 14. Rfd1 Qe7 15. a3 Nc7 16. b4 f5 17. exf5 gxf5 18. dxe5 Nxe5 19. Nxe5 Bxe5 20. Bh6 Re8 21. Bh5 Rd8 22. f4 Bf6 23. Re1 Be6 24.
Re2 Bd4+ 25. Kh1 Qf6 26. Bg5 Qg7 27. Bxd8 Rxd8 28. Rc1 Bxc4 29. Ree1 b5 30. Bf3 d5 31. Ne2 Be3 32. Rcd1 d4 33. Qxf5 d3 34. Nc3 Bf2 35.
Rf1 Bd4 36. Ne4 Rf8 37. Qg4 Qxg4 38. Bxg4 Nd5 39. f5 Ne3 40. f6 Nxf1 41. Rxf1 Bd5 42. Ng5 Rxf6 43. Rxf6 Bxf6 44. Ne6 d2 45. Nf4 Bb3 46. Nh5 Bd4 47. Ng3 d1=Q+ 48. Bxd1 Bxd1 49. Nf5 Be5 0-1

[Event "Early-Titled-Tuesday-Blitz-September-12-2023"]
[Site "Chess.com"]
[Date "2023.09.12"]
[Round "3"]
[White "tteshan"]
[Black "seopie"]
[Result "0-1"]
[WhiteElo "2563"]
[BlackElo "2837"]
[TimeControl "180+1"]
[EndTime "8:28:18 PDT"]
[Termination "seopie won by resignation"]

1. e4 e5 2. Nf3 Nc6 3. Bb5 Nf6 4. O-O Nxe4 5. Re1 Nd6 6. Nxe5 Be7 7. Nxc6 dxc6 8.
Bf1 O-O 9. d4 Bf5 10. Bf4 Bf6 11. c3 Qd7 12. Nd2 Rae8 13. Nc4 Nxc4 14. Bxc4 Be4 15.
Bg3 Bd5 16. Bd3 g6 17. b3 h5 18. Rxe8 Rxe8 19. h3 c5 20. c4 Be6 21. Be5 Bxe5 22. dxe5 Qd4 23. Be2 Qxe5 24. Bf3 b6 25. Qe1 Qxe1+ 26. Rxe1 Rd8 27. Re2 h4 28. Kh2 Kg7 29.
g3 Rd3 30. Be4 Rc3 31. Kg2 a5 32. Bc6 Kf6 33. Rd2 Bf5 34. g4 Rc2 35. Rd8 Be6 36. Rh8 Rxa2 37. Rxh4 Ra3 38. Ba4 g5 39. Rh6+ Kg7 40.
Rh5 f6 41. h4 Bf7 42. hxg5 Bxh5 43. gxf6+ Kxf6 44. gxh5 Kg5 0-1

[Event "Early-Titled-Tuesday-Blitz-September-12-2023"]
[Site "Chess.com"]
[Date "2023.09.12"]
[Round "3"]
[White "HalfIsCrayfish"]
[Black "AndresDelgado77"]
[Result "1-0"]
[WhiteElo "2526"]
[BlackElo "2295"]
[TimeControl "180+1"]
[EndTime "8:28:18 PDT"]
[Termination "HalfIsCrayfish won on time"]

1. e4 e6 2. Nc3 d5 3. g3 dxe4 4. Nxe4 Bd7 5. Bg2 Bc6 6. Bf3 f5 7. Nc3 Nf6 8. d3 Bb4 9. Bd2 O-O 10. Nh3 Bxf3 11. Qxf3 Nc6 12. O-O-O Nd4 13. Qg2 Bxc3 14. Bxc3 Ne2+ 15. Kb1 Nxc3+ 16. bxc3 Nd5 17. Kb2 c5 18. c4 Qb6+ 19. Ka1 Nc3 20. Rb1 Nxb1 21. Rxb1 Qc6 22.
Qf1 e5 23. f3 Rae8 24. Qe2 e4 25. f4 exd3 26. Qxd3 Qf6+ 27. c3 Rd8 28. Qc2 b6 29. Rb3 Rfe8 30. Ng5 Re1+ 31. Kb2 Red1 32. Nf3 Qc6 33. Qe2 Rh1 34. Ka3 Rdd1 35. Rb2 Rhf1 36. Ng5 Qc8 37. Rd2 Qa6+ 38. Kb2 Rxd2+ 39. Qxd2 Qc8 40.
Qd5+ Kh8 41. Nf7+ Kg8 42. Nd6+ 1-0

[Event "Early-Titled-Tuesday-Blitz-September-12-2023"]
[Site "Chess.com"]
[Date "2023.09.12"]
[Round "3"]
[White "Roman_Ovetchkin"]
[Black "cottage_cheese"]
[Result "1-0"]
[WhiteElo "2632"]
[BlackElo "2316"]
[TimeControl "180+1"]
[EndTime "8:28:18 PDT"]
[Termination "Roman_Ovetchkin won on time"]

1. d4 Nf6 2. c4 e6 3. g3 Bb4+ 4.
Bd2 Bxd2+ 5. Qxd2 d5 6. Bg2 c6 7. Nf3 O-O 8. O-O dxc4 9. Ne5 Nbd7 10. Nxc4 Qe7 11. Nc3 e5 12. Rad1 Re8 13. h3 exd4 14.
Qxd4 Nf8 15. e4 Be6 16. Na5 Rad8 17. Qa4 Ng6 18. f4 Bc8 19. b4 Nh5 20. Kh2 Rxd1 21. Rxd1 Nxg3 22. Kxg3 Qh4+ 23. Kh2 Nxf4 24. Qc2 Bxh3 25.
Bxh3 Qxh3+ 26. Kg1 Qg3+ 27. Kf1 Qh3+ 28. Ke1 Qh1+ 29.
Kd2 Qg2+ 30. Kc1 Qg5 31. Kb2 Ne6 32. Ka3 h5 33. Nc4 a5 34. bxa5 h4 35. e5 Qg3 36. Kb2 Nf4 37. Ne4 Qf3 38. Ned6 Rf8 39. Rg1 g6 40. Qe4 1-0

[Event "Early-Titled-Tuesday-Blitz-September-12-2023"]
[Site "Chess.com"]
[Date "2023.09.12"]
[Round "3"]
[White "Juicy_Fork"]
[Black "AlleyOoper"]
[Result "1-0"]
[WhiteElo "2458"]
[BlackElo "2598"]
[TimeControl "180+1"]
[EndTime "8:28:19 PDT"]
[Termination "Juicy_Fork won by resignation"]

1. e4 c6 2. d4 d5 3. f3 e6 4. Nc3 Nf6 5. e5 Nfd7 6. f4 c5 7. Nf3 Nc6 8. Be3 a6 9. Qd2 b5 10. Be2 Qb6 11. dxc5 Bxc5 12. Bxc5 Nxc5 13. Qe3 b4 14.
Nd1 a5 15. O-O Ba6 16. Bxa6 Rxa6 17. Nf2 Ne7 18. g4 h5 19. h3 hxg4 20. hxg4 Na4 21.
Qxb6 Rxb6 22. Nd3 Kd7 23. Kg2 Rc8 24. Rf2 Nc5 25. Nxc5+ Rxc5 26. Rh1 Rc4 27. Ng5 f6 28. exf6 gxf6 29. Nh7 e5 30. fxe5 fxe5 31. Nf6+ Rxf6 32. Rxf6 Rxc2+ 33. Rf2 Rc4 34. Kg3 e4 35. Rh7 Ke6 36. g5 e3 37. Rf6+ Kd7 38. Kf3 Re4 39. Ke2 d4 40. Rf1 Rg4 41. Rff7 Re4 42. g6 Ke8 43. Rh8+ Kd7 44. g7 d3+ 45. Kxd3 e2 46.
g8=Q e1=Q 47. Qc8+ Kd6 48. Rh6+ Re6 49. Rxe6+ Qxe6 50.
Qd8+ Qd7 51. Rf6+ 1-0

[Event "Early-Titled-Tuesday-Blitz-September-12-2023"]
[Site "Chess.com"]
[Date "2023.09.12"]
[Round "3"]
[White "sebastianmarinp"]
[Black "MokshAD1603"]
[Result "0-1"]
[WhiteElo "2404"]
[BlackElo "2586"]
[TimeControl "180+1"]
[EndTime "8:28:20 PDT"]
[Termination "MokshAD1603 won on time"]

1. d4 Nf6 2. c4 g6 3. g3 Bg7 4.
Bg2 d6 5. e4 O-O 6. Ne2 e5 7. O-O Nbd7 8. Nbc3 Re8 9. h3 a5 10.
Be3 c6 11. Rb1 exd4 12. Nxd4 Nc5 13. Qc2 Qe7 14. f3 Nh5 15. Kh2 f5 16. Rbe1 f4 17. gxf4 Nxf4 18. Bxf4 Bxd4 19. Qd2 Ne6 20. Bg3 g5 21.
Ne2 Be5 22. Bxe5 dxe5 23. h4 Nf4 24. Nxf4 gxf4 25. Qf2 Be6 26. Bh3 Bxc4 27. Rg1+ Kh8 28. Bf5 Rg8 29. Rxg8+ Rxg8 30. Rg1 Rg3 31. Rxg3 Qxh4+ 32.
Bh3 fxg3+ 33. Qxg3 Qxg3+ 34. Kxg3 Bxa2 35. f4 exf4+ 36. Kxf4 Kg7 37. Ke5 Bb1 38. Bf5 h5 39. Kd6 Kf6 40.
Kc7 Ke5 41. Kxb7 Bxe4 42. Bh3 h4 43. Kb6 Kf4 44. Kxa5 Kg3 45. Be6 Bf3 0-1

[Event "Early-Titled-Tuesday-Blitz-September-12-2023"]
[Site "Chess.com"]
[Date "2023.09.12"]
[Round "3"]
[White "Rsnr"]
[Black "iwanyu"]
[Result "1-0"]
[WhiteElo "2921"]
[BlackElo "2691"]
[TimeControl "180+1"]
[EndTime "8:28:21 PDT"]
[Termination "Rsnr won on time"]

1. d4 Nf6 2. c4 c5 3. d5 e6 4. Nc3 exd5 5. cxd5 d6 6. Nf3 g6 7.
Bf4 a6 8. e4 b5 9. Qe2 Be7 10.
Qc2 O-O 11. a4 b4 12. Nd1 b3 13. Qb1 Re8 14. Nd2 Nh5 15. Be3 f5 16. exf5 Bxf5 17. Bd3 Bxd3 18. Qxd3 Nd7 19. Qxb3 Rb8 20. Qc2 Ndf6 21.
O-O Nxd5 22. Qc4 Nf6 23. Nc3 Rb4 24. Qa2 Qa8 25. Rfd1 Kg7 26. Nc4 Reb8 27. Nxd5 Nxd5 28. Bd2 Rb3 29. Na5 Rd3 30. Bh6+ Kxh6 31. Rxd3 Nf4 32.
Rf3 Ne2+ 33. Kf1 Nd4 34. Rh3+ Kg7 35. Nc4 Qd5 36. Ne3 Qe4 37. Re1 Bg5 38. Qd5 Qd3+ 39.
Kg1 Bxe3 40. Kh1 Bg5 41. Qxg5 Nf5 42. Rxd3 h6 43. Re7+ Kf8 44. Qf6+ 1-0

[Event "Early-Titled-Tuesday-Blitz-September-12-2023"]
[Site "Chess.com"]
[Date "2023.09.12"]
[Round "3"]
[White "twofoxniel"]
[Black "Cayse"]
[Result "0-1"]
[WhiteElo "2644"]
[BlackElo "2866"]
[TimeControl "180+1"]
[EndTime "8:28:21 PDT"]
[Termination "Cayse won on time"]

1. e4 e5 2. Nf3 Nc6 3. Bc4 Nf6 4. d3 Bc5 5. Nc3 O-O 6. Be3 d6 7. h3 h6 8. O-O Bb6 9. Nd5 Nxd5 10. Bxd5 Kh8 11. Qd2 Qf6 12. c3 Ne7 13. Nh2 Nxd5 14. exd5 Qg6 15. Bxb6 axb6 16. Qe3 Bf5 17. Rfd1 Rfe8 18.
a3 Bd7 19. Re1 Ra5 20. c4 Raa8 21. Nf1 b5 22. Nd2 bxc4 23. dxc4 c5 24. dxc6 Bxc6 25. f3 f5 26. Rad1 Rad8 27. Qb6 Rd7 28. b4 Ba4 29. Rc1 Ra8 30. Nf1 Kh7 31. b5 f4 32. Nd2 Bc2 33.
Ra1 Bf5 34. Kh1 Ra4 35. Qf2 d5 36. c5 e4 37. fxe4 dxe4 38. Qxf4 Rad4 39. Nb3 Rd3 40. Re3 Rxe3 41. Qxe3 Rd3 42. Qf4 Rxb3 43. a4 Bxh3 44. Rg1 Rb1 45. Qf2 e3 46. Qe2 Bg4 47. Qxe3 Qh5+ 48.
Qh3 Bxh3 0-1

[Event "Early-Titled-Tuesday-Blitz-September-12-2023"]
[Site "Chess.com"]
[Date "2023.09.12"]
[Round "3"]
[White "jeetjain"]
[Black "Arystanner"]
[Result "1/2-1/2"]
[WhiteElo "2577"]
[BlackElo "2836"]
[TimeControl "180+1"]
[EndTime "8:28:21 PDT"]
[Termination "Game drawn by agreement"]

1. Nf3 d5 2. b3 Nf6 3. Bb2 Bf5 4.
e3 e6 5. d4 h6 6. Bd3 Bxd3 7. Qxd3 Bd6 8. c4 c6 9. O-O Nbd7 10.
Nc3 O-O 11. e4 dxe4 12. Nxe4 Nxe4 13. Qxe4 Qc7 14. Rad1 Rfe8 15. Rfe1 Rad8 16. a3 a5 17. Qc2 c5 18. d5 exd5 19. Rxe8+ Rxe8 20. Rxd5 Bf8 21. h3 Nb6 22. Rd1 Qf4 23. a4 Nc8 24.
Qd2 Qxd2 25. Rxd2 Nd6 26. Ne5 Rd8 27. f3 h5 28. Rd5 b6 29. Nc6 Rc8 30. Na7 Re8 31.
Kf2 g6 32. Nb5 Nxb5 33. axb5 Ra8 34. Be5 Bg7 35. Bxg7 Kxg7 36. Rd6 a4 37. bxa4 Rxa4 38. Rxb6 Rxc4 39. Rc6 Rc2+ 40. Kg3 g5 41. h4 gxh4+ 42. Kxh4 Rxg2 43. Kxh5 Rc2 44. b6 c4 45. Kg5 Rb2 46.
Rxc4 Rb5+ 47. Kf4 Rxb6 1/2-1/2

[Event "Early-Titled-Tuesday-Blitz-September-12-2023"]
[Site "Chess.com"]
[Date "2023.09.12"]
[Round "3"]
[White "Aleksandar-Topalov"]
[Black "Sjakkerntobi"]
[Result "0-1"]
[WhiteElo "2336"]
[BlackElo "2538"]
[TimeControl "180+1"]
[EndTime "8:28:21 PDT"]
[Termination "Sjakkerntobi won by resignation"]

1. b3 e5 2. Bb2 Nc6 3. c4 Nf6 4. e3 d5 5. cxd5 Nxd5 6. a3 Bd6 7. Qc2 Be6 8. Nf3 O-O 9. d3 f5 10. Nbd2 Qf6 11. Nc4 Rae8 12. d4 e4 13. Nfe5 Nce7 14. g3 b5 15. Na5 a6 16. Nac6 Nxc6 17. Qxc6 Nb6 18. Qc2 Bd5 19. Be2 Qe6 20. Bd1 Rc8 21. b4 Bxe5 22. dxe5 Nc4 23. Bd4 Nxe5 24. Qb2 Rfe8 25.
Be2 Re7 26. Bxe5 Qxe5 27. Qxe5 Rxe5 28. Rc1 Kf7 29. a4 bxa4 30. Bxa6 Ra8 31. Rxc7+ Re7 32.
Rxe7+ Kxe7 33. b5 a3 34. Kd2 a2 35. Ra1 Kd6 36. Kc3 Kc5 37. Rc1 Kb6 38. Kb2 Rd8 39. Rc8 Rxc8 40. Bxc8 Kxb5 41. Bxf5 g6 42. Bd7+ Kc4 43. Kxa2 Kd3+ 44. Kb2 Ke2 45. g4 Kxf2 46. g5 Kxe3 47. Kc3 Kf4 48. Kd4 Ba2 49. h4 e3 50. Kd3 Bc4+ 51. Kc2 Kf3 52. Bc6+ Kf2 53. Bd5 Bxd5 0-1

[Event "Early-Titled-Tuesday-Blitz-September-12-2023"]
[Site "Chess.com"]
[Date "2023.09.12"]
[Round "3"]
[White "falzehope0"]
[Black "ferrufino64"]
[Result "0-1"]
[WhiteElo "2435"]
[BlackElo "2271"]
[TimeControl "180+1"]
[EndTime "8:28:21 PDT"]
[Termination "ferrufino64 won by resignation"]

1. d4 d5 2. e3 Nf6 3. Bd3 Nbd7 4. f4 c5 5. c3 e6 6. Nf3 Bd6 7. O-O b6 8. Ne5 Bb7 9. Nd2 Ne4 10. Nxe4 dxe4 11.
Bb5 Bxe5 12. fxe5 cxd4 13. Qxd4 Rc8 14. Bxd7+ Qxd7 15. Qxd7+ Kxd7 16. Rxf7+ Kc6 17. Rxg7 Rcd8 18. Rf7 Ba6 19. g4 h5 20. g5 Rd1+ 21. Kg2 h4 22. h3 Rg8 23. b3 Rxg5+ 24. Kh2 Rgg1 25. Bb2 Rxa1 26. Bxa1 Rxa1 27. Rf4 Rxa2+ 28. Kg1 Ra3 29. Rxe4 Rxb3 30. Kf2 Rxc3 31. Rxh4 Bd3 32. Rd4 a5 33. Rd6+ Kc5 34. Rxe6 a4 35. Re8 Kd5 36. h4 Bc4 37. h5 a3 38. h6 a2 39. Ra8 Rc2+ 40. Kg3 Bd3 41. Ra3 Bh7 42. Kf4 Ke6 43. Ra6 Rb2 44. e4 Rf2+ 45. Ke3 Rb2 46. Kf4 Bg6 47. Kg5 Bxe4 48.
Ra7 Kxe5 49. Re7+ Kd4 50. Ra7 b5 51. Kf4 Bd3 52. Rd7+ Kc4 53. Rc7+ Kb3 54. Ra7 Rh2 55. Kg3 Rxh6 56. Kf2 Kb2 57. Kg2 a1=Q 58. Rxa1 Kxa1 59. Kg3 Rf6 60. Kg2 Rf5 61. Kg3 b4 62. Kg4 b3 63.
Kg3 b2 64. Kg2 b1=Q 65. Kg3 Qg1+ 66. Kh4 Qg5+ 67. Kh3 Rf3+ 68. Kh2 Qg3+ 0-1

[Event "Early-Titled-Tuesday-Blitz-September-12-2023"]
[Site "Chess.com"]
[Date "2023.09.12"]
[Round "3"]
[White "SchmakAttack"]
[Black "DenLaz"]
[Result "0-1"]
[WhiteElo "2776"]
[BlackElo "3074"]
[TimeControl "180+1"]
[EndTime "8:28:23 PDT"]
[Termination "DenLaz won by resignation"]

1. e4 c5 2. Nf3 e6 3. c3 d5 4. e5 d4 5. cxd4 cxd4 6. d3 Nc6 7. g3 Nxe5 8. Nxe5 Qa5+ 9. Nd2 Qxe5+ 10. Be2 Nf6 11. O-O Be7 12. Nc4 Qc5 13. b4 Qc7 14. Bf4 Qd8 15. Be5 O-O 16. b5 Nd5 17. Bxd4 Nf4 18.
Be3 Nxe2+ 19. Qxe2 Qd5 20. a4 b6 21. a5 Bb7 22. f3 Qxb5 23. axb6 axb6 24. Rab1 Qc6 25. Rxb6 Qc7 26. Rfb1 Bd5 27. Kg2 h6 28. Bd4 Rfc8 29. Be5 Qd7 30. R6b2 Bxc4 31. dxc4 Qc6 32. Rc2 Bc5 33.
g4 Rd8 34. h4 Ra3 35. Rd1 Rda8 36. Rcd2 Be7 37. Rd3 Rxd3 38. Rxd3 Bxh4 39. Rd2 Bg5 40. Rc2 Be7 41. Qe4 Qxe4 42. fxe4 Bc5 43. Rd2 Ra4 44.
Rc2 f6 45. Bg3 Kf7 46. Bf2 Bxf2 47. Kxf2 Ke7 48. Ke3 Kd6 49. Kd4 e5+ 50. Kc3 Kc5 51. Ra2 Rxa2 52. Kd3 Ra3+ 0-1

[Event "Early-Titled-Tuesday-Blitz-September-12-2023"]
[Site "Chess.com"]
[Date "2023.09.12"]
[Round "3"]
[White "FredddieCroderg"]
[Black "KingCyber19"]
[Result "1-0"]
[WhiteElo "2285"]
[BlackElo "2484"]
[TimeControl "180+1"]
[EndTime "8:28:23 PDT"]
[Termination "FredddieCroderg won by resignation"]

1. e4 e5 2. Nf3 Nc6 3. d4 exd4 4.
Bc4 Nf6 5. O-O Nxe4 6. Re1 d5 7. Bxd5 Qxd5 8. Nc3 Qd7 9. Nxe4 Be7 10. Bg5 O-O 11.
Bxe7 Qxe7 12. Nxd4 Bd7 13. Nxc6 Bxc6 14. Ng3 Qb4 15.
Qc1 Rad8 16. c3 Qb5 17. b3 Qd5 18. f3 Rfe8 19. Kh1 h5 20. Qf4 Rxe1+ 21. Rxe1 Qd2 22. Qxd2 Rxd2 23. Nxh5 Rxa2 24. h4 a5 25. Ng3 Rb2 26. Nf5 Rxb3 27. Ne7+ Kh7 28. Nxc6 bxc6 29. Ra1 Rb5 30.
Ra4 Kg6 31. g4 f5 32. Kg2 Kf6 33. Kf2 Ke5 34. Ke3 Rc5 35. f4+ Kd6 36. Rd4+ Rd5 37. g5 g6 38. Ra4 Rc5 39. c4 Kd7 40. Kd4 Kd6 41. Ra1 a4 42. Rxa4 Rb5 43. cxb5 c5+ 44.
Kc4 1-0